 Dungeon Crawl Stone Soup version 0.31.0-9-g3a7656b989 (webtiles) character file.

Game seed: 10423602473037662526

7 Kass the Ruffian (level 1, -2/15 HPs)
             Began as a Demonspawn Shapeshifter on Jan 30, 2024.
             Slain by a kobold
             ... wielding a +0 whip
              (4 damage)
             ... on level 1 of the Dungeon.
             The game lasted 00:00:34 (125 turns).

Kass the Ruffian (Demonspawn Shapeshifter)           Turns: 125, Time: 00:00:35

Health: -2/15      AC:  2    Str: 14    XL:     1   Next: 83%
Magic:  1/1        EV: 12    Int: 16    God:
Gold:   21         SH:  0    Dex: 12    Spells: 0/0 levels left

rFire   . .          .
                       - Unarmed
rCold   . . .        (no shield)
rNeg    . . .        a - +0 animal skin
rPois   .            (helmet currently unavailable)
rElec   .            (cloak currently unavailable)
rCorr   .            (gloves currently unavailable)
SInv    .            (boots currently unavailable)
Will    .....        (no amulet)
Stlth   +            g - +6 ring of intelligence
HPRegen 0.22/turn    (no ring)
MPRegen 0.07/turn

%: no passive effects
@: beast-form
A: beast (slay +1)
a: Begin Untransformation


You were on level 1 of the Dungeon.
You were a hulking beast.
You visited 1 branch of the dungeon, and saw 1 of its levels.

You collected 21 gold pieces.

Inventory:

Missiles
 h - 5 boomerangs (quivered)
Armour
 a - a +0 animal skin (worn)
Jewellery
 g - a +6 ring of intelligence (left hand)
Talismans
 c - a beast talisman
 d - a flux talisman
Scrolls
 f - a scroll of poison {unknown}
Potions
 b - a potion of lignification
 e - a potion of ambrosia {unknown}


   Skills:
 + Level 1.2 Fighting
 + Level 1.9 Dodging
 + Level 2.8 Unarmed Combat
 + Level 2.7 Shapeshifting


You couldn't memorise any spells.
You didn't know any spells.
Your spell library was empty.

Dungeon Overview and Level Annotations

Branches:
Dungeon (1/15)

Altars:


Message History

* * * LOW HITPOINT WARNING * * *
You punch the goblin!
You kill the goblin!
The frilled lizard bites you but does no damage.
Things that are here:
a +0 dagger; a jackal corpse You miss the frilled lizard.
The frilled lizard bites you.
* * * LOW HITPOINT WARNING * * *
You miss the frilled lizard.
The frilled lizard bites you but does no damage.
You hit the frilled lizard but do no damage.
The frilled lizard bites you but does no damage.
You closely miss the frilled lizard. The frilled lizard bites you.
* * * LOW HITPOINT WARNING * * *
You hit the frilled lizard.
You kill the frilled lizard!
You start resting.
A giant cockroach comes into view. x2
A rat comes into view.
A ball python comes into view.
The ball python hisses angrily.
A kobold comes into view. It is wielding a +0 whip.
The kobold shouts!
You hit the ball python.
You kill the ball python!
You hear a shout!
The rat bites you.
You see here a ball python corpse.
You hit the rat.
You kill the rat!
The giant cockroach closely misses you.
You closely miss the giant cockroach. The giant cockroach barely misses you.
You barely miss the giant cockroach. The giant cockroach closely misses you.
The kobold hits you with a +0 whip.
* * * LOW HITPOINT WARNING * * *
A hobgoblin comes into view.
The giant cockroach attacks as it pursues you!
The giant cockroach bites you but does no damage.
The kobold attacks as it pursues you! The kobold hits you with a +0 whip.
You die...

###### #....# ♣♣. ## #....#
#....# ..#########....####...#
...................##....###
...................##.##......
..................###.##.#####
.h......>.........###....#
..........>............###
...............Bh..#.....#
..............#K#..#.###.# #.
#.........#†#....# .#
#..#.........#†#...### #
.#..#.........#........
....†...###......g..###
........# #..##....##
.....!..###.......##
.......†)...........


You could see a giant cockroach, a hobgoblin and a kobold.

Vanquished Creatures
  A goblin (D:1)
  2 jackals (D:1)
  A ball python (D:1)
  A frilled lizard (D:1)
  2 rats (D:1)
7 creatures vanquished.

Notes
Turn   | Place    | Note
-------+----------+-------------------------------------------
     0 | D:1      | Kass the Demonspawn Shapeshifter began the quest for the
                  | Orb.
     0 | D:1      | Reached XP level 1. HP: 15/15 MP: 1/1
   125 | D:1      | Slain by a kobold

Illustrated notes

Levels and vault maps discovered:
D:1:      psy_arrival_fountain, layout_rooms

Action                     || total
---------------------------++-------
  Melee: Unarmed           ||    28
 Armour: Animal skin       ||    27
  Dodge: Dodged            ||    22
